 Dungeon Crawl Stone Soup version 0.28.0-45-g0d030f2227 (webtiles) character file.

Game seed: 3741280656114022611

3703 garethmagis the Cutter (level 9, -1/71 HPs)
             Began as a Demonspawn Fighter on Apr 9, 2022.
             Slain by an unseen horror (5 damage)
             ... on level 10 of the Dungeon.
             The game lasted 00:27:51 (11967 turns).

garethmagis the Cutter (Demonspawn Fighter)        Turns: 11967, Time: 00:27:51

Health: -1/71      AC: 13    Str: 21    XL:     9   Next: 91%
Magic:  9/9        EV: 10    Int: 10    God:
Gold:   340        SH: 10    Dex: 14    Spells: 8/8 levels left

rFire   . . .      SeeInvis .   h - +2 rapier (flame)
rCold   + . .      Faith    .   c - +0 buckler
rNeg    . . .      Spirit   .   b - +1 scale mail
rPois   .          Reflect  +   w - +0 helmet
rElec   .          Harm     .   C - +2 cloak
rCorr   +          Rampage  .   (gloves unavailable)
Will    .....                   (no boots)
Stlth   ..........              k - amulet of reflection
HPRegen 0.21/turn               e - ring of resist corrosion
MPRegen 0.11/turn               j - ring of protection from cold

@: no status effects
A: powered by pain 2, demonic touch 3, talons 1, agile 1, wild magic 1
a: no special abilities


You were on level 10 of the Dungeon.
You visited 2 branches of the dungeon, and saw 11 of its levels.

You collected 340 gold pieces.

Inventory:

Hand Weapons
 a - a +0 war axe
 g - a +0 battleaxe
 h - a +2 rapier of flaming (weapon)
 l - a +2 vorpal hand axe
 x - the +2 mace of Propriety {vamp, rC- rN+ rCorr}
   (You found it on level 6 of the Dungeon)

   It occasionally heals its wielder for a portion of the damage dealt when it
   wounds a living foe.
   rC:        It makes you vulnerable to cold.
   rN:        It protects you from negative energy.
   rCorr:     It protects you from acid and corrosion.
Armour
 b - a +1 scale mail (worn)
 c - a +0 buckler (worn)
 n - a +0 pair of boots
 w - a +0 helmet (worn)
 A - a +1 leather armour of cold resistance
 C - a +2 cloak (worn)
 G - +0 steam dragon scales
Jewellery
 e - a ring of resist corrosion (left hand)
 j - a ring of protection from cold (right hand)
 k - an amulet of reflection (around neck)
 t - a ring of fire
 E - an amulet of faith
Wands
 p - a wand of digging (4)
 B - a wand of flame (11)
Scrolls
 f - a scroll of amnesia {unknown}
 i - 2 scrolls of noise
 r - 3 scrolls of identify
 u - a scroll of fear
Potions
 d - 3 potions of might
 m - 2 potions of degeneration
 q - a potion of haste
 s - 2 potions of heal wounds
 z - a potion of magic


   Skills:
 + Level 6.5 Fighting
 * Level 7.1 Short Blades
 - Level 4.0 Axes
 + Level 6.5 Armour
 - Level 2.2 Dodging
 - Level 0.6 Stealth
 + Level 5.0 Shields
 - Level 1.2 Unarmed Combat
 + Level 3.4 Evocations


You had 8 spell levels left.
You didn't know any spells.
Your spell library contained the following spells:

 Spells                   Type           Power      Damage    Failure   Level
 Foxfire                  Conj/Fire      0%         2x1d4     83%         1
 Blink                    Tloc           0%         N/A       92%         2
 Conjure Flame            Conj/Fire      0%         6-21      99%         3
 Ignite Poison            Fire/Tmut/Pois 0%         N/A       99%         3
 Inner Flame              Hex/Fire       0%         N/A       99%         3
 Lesser Beckoning         Tloc           0%         N/A       99%         3
 Cause Fear               Hex            0%         N/A       100%        4
 Flame Wave               Conj/Fire      0%         2d4       100%        4
 Ice Form                 Ice/Tmut       0%         N/A       100%        4
 Sticky Flame             Conj/Fire      0%         2d3       100%        4
 Manifold Assault         Tloc           0%         N/A       100%        5
 Ozocubu's Refrigeration  Ice            0%         4d5       100%        7
 Discord                  Hex            0%         N/A       100%        8
 Polar Vortex             Ice            0%         N/A       100%        9


Dungeon Overview and Level Annotations

Branches:
Dungeon (10/15)            Temple (1/1) D:6
   Lair: D:8-11         Orc: D:9-12

Altars:
Ashenzari
Cheibriados
Dithmenos
Elyvilon
Fedhas
Hepliaklqana
Kikubaaqudgha
Makhleb
Nemelex Xobeh
Okawaru
Sif Muna
Trog
Uskayaw
Vehumet
Wu Jian
Xom
Yredelemnul
Zin
The Shining One

Shops:
D:1 (

Annotations:
D:7 2 transporters
D:8 Psyche


Innate Abilities, Weirdness & Mutations

You sometimes gain power by taking damage.
Your touch may irresistibly damage your foes and sap their willpower.
You have sharp toenails.
You are agile. (Dex +2)
Your spells are a little harder to cast, but a little more powerful.


Message History

You barely miss something. Something hits you but does no damage.
You puncture something! You burn something. Something hits you. x2
You hit something. You burn something. Something hits you but does no damage.
Something hits you but does no damage.
You close the door.
Something hits you but does no damage. Something hits you but does no damage.
You block something's attack. Something hits you but does no damage.
You block something's attack. Something hits you but does no damage.
Something hits you but does no damage. Something hits you but does no damage.
Something completely misses you. Something hits you.
Something hits you but does no damage. You block something's attack.
You hit something but do no damage. Something hits you.
You hit something. You burn something. Something completely misses you.
Something hits you but does no damage. Something hits you.
* * * LOW HITPOINT WARNING * * *
You hit something. You burn something. Something hits you but does no damage.
It was a potion of mutation.
You feel extremely strange.
Your toenails lengthen and sharpen.
You feel less in control of your magic.
You feel agile. Something hits you but does no damage.
You can't see any enemies this would affect, really read the scroll of fear? [Y]es or [N]o only, please.
You can't see any enemies this would affect, really read the scroll of fear?
As you read the scroll of fear, it crumbles to dust.
You assume a fearsome visage.
Something hits you but does no damage. x2
You hit something but do no damage. You claw something.
Something hits you but does no damage. Something hits you.
* * * LOW HITPOINT WARNING * * *
Something hits you.
* * * LOW HITPOINT WARNING * * *
Something hits you!
* * * LOW HITPOINT WARNING * * *
As you open the door, it creaks loudly! Something hits you.
You die...

<......#####. .......#
...#.....# .......#
...#.....# ....##.#
##.# #.....+
....#⌠.##+##.⌠# .....#
....#.........# .....#
.#####.......#####....+
.#...#.......#...#....#
.#...'..._...'..@'...#
.#...........#...#.##.+
.#.###.......#####.#
....#.........#.......#
....#⌠.##+##.⌠#...#...#
.....### ##.#.## .....
.......# ... ..$....
......... .... .......
.......## #.. .......


There were no monsters in sight!

Vanquished Creatures
  A two-headed ogre (D:9)
  2 trolls
  Sigmund (D:6)
  Eustachio (D:4)
  A steam dragon (D:7)
  2 water moccasins
  A sky beast (D:5)
  4 ogres
  2 orc warriors (D:9)
  A centaur (D:5)
  A phantom (D:6)
  A bullfrog (D:7)
  A gnoll sergeant (D:9)
  2 wights (D:9)
  2 howler monkeys (D:10)
  A centaur zombie (D:6)
  8 orc priests
  4 hounds
  2 bullfrog zombies
  2 jellies
  Crazy Yiuf (D:6)
  A centaur skeleton (D:6)
  A bullfrog skeleton (D:6)
  3 iguanas
  Ijyb (D:4)
  3 orc wizards
  A killer bee zombie (D:7)
  A hound zombie (D:5)
  2 hound skeletons
  A howler monkey zombie (D:7)
  6 adders
  3 gnolls (D:9)
  A shadow imp (D:7)
  2 white imps
  An adder skeleton (D:4)
  2 worms (D:5)
  5 dart slugs (D:1)
  12 orcs
  9 ball pythons
  7 endoplasms
  3 goblins
  4 hobgoblins
  3 jackals (D:4)
  8 kobolds
  5 quokkas
  3 bats
  4 frilled lizards
  3 rats
136 creatures vanquished.

Vanquished Creatures (others)
  A plant (D:3)
1 creature vanquished.

Grand Total: 137 creatures vanquished

Notes
Turn   | Place    | Note
-------+----------+-------------------------------------------
     0 | D:1      | garethmagis the Demonspawn Fighter began the quest for the
                  | Orb.
     0 | D:1      | Reached XP level 1. HP: 18/18 MP: 1/1
   103 | D:1      | Gained mutation: Your touch may inflict minor irresistible
                  | damage on your foes. [demonic ancestry]
   103 | D:1      | Reached XP level 2. HP: 24/24 MP: 2/2
   427 | D:1      | Found Toerut's Weapon Shop.
   437 | D:1      | Found a faded altar of an unknown god.
   489 | D:1      | Gained mutation: Your touch may inflict irresistible damage
                  | on your foes. [demonic ancestry]
   489 | D:1      | Reached XP level 3. HP: 29/29 MP: 3/3
  1045 | D:2      | Gained mutation: You sometimes gain a little power by
                  | taking damage. [demonic ancestry]
  1045 | D:2      | Reached XP level 4. HP: 25/36 MP: 4/4
  1980 | D:3      | Reached skill level 1 in Short Blades
  2270 | D:3      | Reached XP level 5. HP: 26/42 MP: 5/5
  3392 | D:3      | Reached skill level 2 in Short Blades
  3655 | D:4      | Found an ancient bone altar of Kikubaaqudgha.
  3730 | D:4      | Noticed Ijyb
  3753 | D:4      | Killed Ijyb
  3880 | D:4      | Noticed Eustachio
  3901 | D:4      | Killed Eustachio
  3902 | D:4      | Reached skill level 3 in Short Blades
  3902 | D:4      | Gained mutation: You sometimes gain power by taking damage.
                  | [demonic ancestry]
  3902 | D:4      | Reached XP level 6. HP: 12/48 MP: 6/6
  4270 | D:4      | Reached skill level 4 in Short Blades
  4270 | D:4      | Reached skill level 1 in Dodging
  4620 | D:4      | Reached XP level 7. HP: 32/54 MP: 7/7
  4909 | D:5      | Entered Level 5 of the Dungeon
  5204 | D:5      | Reached skill level 1 in Unarmed Combat
  5484 | D:5      | Reached skill level 5 in Short Blades
  5678 | D:5      | Gained mutation: Your touch may irresistibly damage your
                  | foes and sap their willpower. [demonic ancestry]
  5678 | D:5      | Reached XP level 8. HP: 30/61 MP: 8/8
  6038 | D:5      | Reached skill level 5 in Armour
  6383 | D:6      | Got Zeasoov's Compendium of the Glacier
  6480 | D:6      | Reached skill level 6 in Short Blades
  6564 | D:6      | Identified the +2 mace of Propriety {vamp, rC- rN+ rCorr}
  6646 | D:6      | Found a runed translucent door.
  6647 | D:6      | Noticed Crazy Yiuf
  7143 | D:7      | Reached skill level 5 in Fighting
  7701 | D:6      | Found a staircase to the Ecumenical Temple.
  7709 | Temple   | Entered the Ecumenical Temple
  8199 | D:6      | Noticed Sigmund
  8220 | D:6      | Killed Sigmund
  8221 | D:6      | Reached skill level 7 in Short Blades
  8832 | D:6      | Killed Crazy Yiuf
  8901 | D:7      | Found a transporter.
  8914 | D:7      | Noticed a kobold demonologist
  8968 | D:7      | Found a transporter.
  8993 | D:7      | Reached XP level 9. HP: 66/68 MP: 9/9
  9021 | D:7      | Reached skill level 1 in Evocations
  9105 | D:7      | You fall into a shaft and drop 3 floors!
  9105 | D:10     | Entered Level 10 of the Dungeon
  9132 | D:9      | Noticed a troll
  9140 | D:9      | Killed a troll
  9318 | D:8      | Found a radiant altar of Vehumet.
  9318 | D:8      | Found an ornate altar of the Wu Jian Council.
  9430 | D:9      | Noticed a troll
  9742 | D:9      | Found a blossoming altar of Fedhas.
 10093 | D:10     | Killed a troll
 10760 | D:8      | Noticed Psyche
 10760 | D:8      | Noticed a cyclops
 11044 | D:8      | Noticed a boulder beetle
 11048 | D:8      | Noticed a two-headed ogre
 11317 | D:9      | Killed a two-headed ogre
 11318 | D:9      | Reached skill level 5 in Shields
 11903 | D:10     | Found a broken altar of Ashenzari.
 11961 | D:10     | Gained mutation: You have sharp toenails. [potion of
                  | mutation]
 11961 | D:10     | Gained mutation: Your spells are a little harder to cast,
                  | but a little more powerful. [potion of mutation]
 11961 | D:10     | Gained mutation: You are agile. (Dex +2) [potion of
                  | mutation]
 11967 | D:10     | Slain by an unseen horror

Illustrated notes

Levels and vault maps discovered:
D:1:      tarquinn_simple_flora_water_f, layout_loops_ring, serial_shops,
          nicolae_shop_bloodbath_and_beyond,
          shapermc_ecumenical_altar_mp_highgroup
D:2:      layout_basic
D:3:      layout_loops_corners, tso_oasis_becter
D:4:      layout_loops_corners, mainiacjoe_overflow_boulevard, uniq_eustachio,
          uniq_ijyb
D:5:      layout_cave_pools, nrook_mini_vaults, nrook_campfire
D:6:      layout_loops_corners, minmay_temple_entry_junction,
          serial_co_window_serial, co_window_corner_a, co_window_paths_b,
          co_window_paths_a, co_window_paths_b, co_window_corner_a,
          co_window_corner_a, co_window_paths_a, co_window_paths_b,
          co_window_corner_a, co_window_unsneaky_path_e, co_window_corner_b,
          co_window_cross_4, co_window_4corner_a, glass_columns_a,
          glass_columns_b, uniq_sigmund, uniq_crazy_yiuf_cottage
D:7:      gammafunk_wand_slinger, layout_loops_cross
D:8:      layout_rooms, nicolae_qazlal_style_of_elements,
          mainiacjoe_overflow_paths, nicolae_overflow_hidden_temple,
          dpeg_oklobed_lair, uniq_psyche, uniq_maurice
D:9:      layout_gridville, mainiacjoe_overflow_six_doors_small,
          amethyst_killhole
D:10:     layout_cave_pools, mainiacjoe_overflow_24_doors,
          evilmike_ruin_ashenzari, david_orc_4, nicolae_benzene_ring,
          chequers_big_river, kennysheep_nondescript, kennysheep_generic_room_2,
          uniq_erolcha
Temple:   dshaligram_water_room_temple

Skill      XL: |  1  2  3  4  5  6  7  8  9 |
---------------+----------------------------+-----
Armour         | 3 4 5 6 |  6.5
Axes           | 2 4 |  4.0
Shields        | 3 5 |  5.0
Short Blades   | 1 3 4 5 7 |  7.1
Fighting       | 4 5 6 |  6.5
Dodging        | 1 2 |  2.2
Unarmed Combat | 1 |  1.2
Evocations     | 3 |  3.4
Stealth        | |  0.6

Action                   |  1- 3 |  4- 6 |  7- 9 || total
-------------------------+-------+-------+-------++-------
Melee: War axe           |    62 |       |       ||    62
       Rapier            |     6 |   155 |   338 ||   499
       Unarmed           |       |    11 |       ||    11
       Kick              |       |       |     1 ||     1
  Use: Potion            |       |     2 |    10 ||    12
       Scroll            |       |       |     8 ||     8
Armor: Scale mail        |    37 |    56 |   103 ||   196
       Skin              |       |     9 |       ||     9
Dodge: Dodged            |    30 |    57 |   117 ||   204
Block: Buckler           |    13 |    37 |   122 ||   172
       Reflection        |       |       |     1 ||     1
